 Dungeon Crawl Stone Soup version 0.28-a0-667-g162e43154e (webtiles) character file.

Game seed: 11005796755260945040

12677 Johnny the Fencer (level 12, -2/150 HPs)
             Began as a Human Berserker on Oct 17, 2021.
             Was an Elder of Trog.
             Slain by a 17-headed hydra (8 damage)
             ... on level 12 of the Dungeon.
             The game lasted 00:12:23 (14751 turns).

Johnny the Fencer (Human Berserker)                Turns: 14751, Time: 00:12:24

Health: -2/150     AC: 12    Str: 22    XL:     12   Next: 23%
Magic:  12/12      EV: 14    Int: 10    God:    Trog [****..]
Gold:   289        SH:  0    Dex: 14    Spells: 11/11 levels left

rFire   + . .      SeeInvis .   c - +2 scimitar (holy)
rCold   + . .      Faith    .   (no shield)
rNeg    . . .      Spirit   .   M - +2 scale mail {rPois}
rPois   +          Reflect  .   G - +1 helmet {Int+3}
rElec   .          Harm     .   f - scarf {rC+ rF+}
rCorr   .          Rampage  .   B - +0 pair of gloves
Will    .....                   (no boots)
Stlth   ..........              D - amulet of the acrobat
HPRegen 0.35/turn               n - +4 ring of evasion
MPRegen 0.13/turn               t - ring of poison resistance

@: berserking, studying 2 skills, very quick
A: no striking features
a: Renounce Religion, Berserk, Trog's Hand, Brothers in Arms


You were on level 12 of the Dungeon.
You worshipped Trog.
Trog was greatly pleased with you.
You visited 1 branch of the dungeon, and saw 12 of its levels.
You also visited: Bailey.

You collected 742 gold pieces.
You spent 453 gold pieces at shops.

Inventory:

Hand Weapons
 a - a +0 falchion
 c - a +2 scimitar of holy wrath (weapon)
 v - a +2 falchion of holy wrath
Armour
 f - a scarf of resistance (worn)
 B - a +0 pair of gloves (worn)
 G - a +1 helmet of intelligence (worn)
 K - the +1 helmet "Geovaci" {Harm *Slow rPois SInv}
   (You bought it in a shop on level 10 of the Dungeon)

   rPois:     It protects you from poison.
   SInv:      It lets you see invisible.
   *Slow:     It may slow you when you take damage.
   Harm:      It increases damage dealt and taken.
 M - a +2 scale mail of poison resistance (worn)
Jewellery
 n - a +4 ring of evasion (left hand)
 t - a ring of poison resistance (right hand)
 x - a ring of willpower
 D - an amulet of the acrobat (around neck)
 I - an amulet of guardian spirit
Wands
 F - a wand of flame (13)
 J - a wand of paralysis (4)
 L - a wand of iceblast (4)
Scrolls
 d - 6 scrolls of amnesia
 e - 3 scrolls of blinking
 g - 2 scrolls of enchant armour
 h - 4 scrolls of enchant weapon
 i - a scroll of vulnerability
 j - 4 scrolls of teleportation
 k - a scroll of torment
 p - 2 scrolls of silence
 r - 2 scrolls of fog
 s - 2 scrolls of magic mapping
 u - 2 scrolls of brand weapon {unknown}
 w - 2 scrolls of fear {unknown}
 y - 2 scrolls of noise {unknown}
Potions
 b - a potion of berserk rage
 m - 8 potions of curing {unknown}
 o - a potion of invisibility {unknown}
 q - 3 potions of lignification {unknown}
 z - a potion of resistance {unknown}
 A - a potion of mutation {unknown}
 C - 2 potions of degeneration {unknown}
 E - 2 potions of heal wounds {unknown}
 H - 2 potions of brilliance {unknown}
 N - a potion of flight {unknown}
 O - 3 potions of haste {unknown}


   Skills:
 - Level 11.3 Fighting
 - Level 15.3 Long Blades
 + Level 3.0 Armour
 - Level 2.4 Dodging


You had 11 spell levels left.
You didn't know any spells.
Your spell library was empty.

Dungeon Overview and Level Annotations

Branches:
Dungeon (12/15)            Temple (0/1) D:5            Lair (0/6) D:10
 Bailey (visited)
    Orc: D:9-12

Altars:
Cheibriados
Dithmenos
Hepliaklqana
Qazlal
Trog
Uskayaw
Vehumet
Wu Jian
Xom
Zin
The Shining One
Beogh

Shops:
D:4 =   D:9 [   D:10 ?[

Annotations:
D:11 3 runed translucent doors, KristoblXynda's ghost, novice DrGl


Message History

The 16-headed hydra is moderately wounded.
The 16-headed hydra bites you. The 16-headed hydra bites you!
The 16-headed hydra bites you but does no damage.
The 16-headed hydra bites you! The 16-headed hydra closely misses you.
The 16-headed hydra bites you. The 16-headed hydra misses you.
The 16-headed hydra barely misses you. The 16-headed hydra bites you.
The 16-headed hydra bites you but does no damage. x3
The 16-headed hydra closely misses you. The 16-headed hydra bites you. x2
The 16-headed hydra bites you but does no damage.
Your ogre hits the 16-headed hydra with a +0 giant club!!
Unknown command.
You lop one of the 16-headed hydra's heads off!
The 15-headed hydra grows two more!
You slice the 17-headed hydra!!
The 17-headed hydra is severely wounded.
Unknown command.
You barely miss the 17-headed hydra.
The 17-headed hydra is severely wounded.
The 17-headed hydra bites you.
* * * LOW HITPOINT WARNING * * *
The 17-headed hydra bites you but does no damage.
The 17-headed hydra bites you.
* * * LOW HITPOINT WARNING * * *
The 17-headed hydra closely misses you. The 17-headed hydra bites you!
* * * LOW HITPOINT WARNING * * *
The 17-headed hydra bites you.
* * * LOW HITPOINT WARNING * * *
The 17-headed hydra bites you but does no damage.
The 17-headed hydra bites you!
* * * LOW HITPOINT WARNING * * *
The 17-headed hydra bites you but does no damage. x2
The 17-headed hydra bites you.
* * * LOW HITPOINT WARNING * * *
The 17-headed hydra bites you.
* * * LOW HITPOINT WARNING * * *
The 17-headed hydra bites you.
* * * LOW HITPOINT WARNING * * *
The 17-headed hydra bites you.
* * * LOW HITPOINT WARNING * * *
The 17-headed hydra closely misses you. The 17-headed hydra bites you!
You die...

#....# #.
#...#....# #..
#...#....# +..
#...#....#
.#...#...#....#
.....#...#....#
......#..##...#
..........#...#
.......)@))...#
......OD..#)..#
.......####...#
....... #...#
......# #...#
..o... #...#
...... #...#
'..... #...#
#.... #####...#


You could see a 17-headed hydra (ally target), an orc warrior and a friendly
ogre (summoned, berserk).

Vanquished Creatures
  2 two-headed ogres
  Pikel (D:6)
  An orc sorcerer (Bailey)
  2 kobold demonologists
  Grinder (D:5)
  A hornet (D:8)
  A meliai zombie (D:10)
  Sigmund (D:3)
  2 wraiths
  A shadow (D:11)
  15 yaks
  A water moccasin (D:7)
  2 acid dragons (D:10)
  Duvessa (D:5)
  17 orc warriors
  3 black bears (D:6)
  4 ogres
  3 sky beasts
  2 ice beasts
  4 centaurs
  2 lemures (D:6)
  A phantom (D:7)
  2 kobold brigands
  A gnoll sergeant (D:9)
  A water moccasin zombie (D:5)
  3 bullfrogs
  A scorpion (D:6)
  2 wyvern skeletons (D:7)
  Dowan (D:5)
  A water moccasin skeleton (D:6)
  22 killer bees
  4 wights (D:9)
  2 howler monkeys
  A vampire bat (D:3)
  7 electric eels
  7 orc priests
  2 hounds
  A jelly (D:6)
  2 centaur skeletons
  3 iguanas
  7 orc wizards
  A hound skeleton (D:4)
  A howler monkey zombie (D:9)
  17 gnolls
  7 adders
  A white imp (D:6)
  An ufetubus (D:6)
  An adder skeleton (D:4)
  A dart slug (D:1)
  3 fire bats (D:3)
  44 orcs
  2 spectral bats (D:3)
  8 ball pythons
  3 bat skeletons (D:3)
  A bat zombie (D:3)
  9 endoplasms
  5 giant cockroaches
  8 goblins
  12 hobgoblins
  8 jackals
  16 kobolds
  7 quokkas
  12 bats
  A bat simulacrum (D:3)
  2 frilled lizards (D:1)
  4 rats
313 creatures vanquished.

Vanquished Creatures (collateral kills)
  An acid dragon (D:8)
1 creature vanquished.

Vanquished Creatures (others)
  A sky beast (D:5)
  An orc (Bailey)
  A kobold (D:8)
3 creatures vanquished.

Grand Total: 317 creatures vanquished

Notes
Turn   | Place    | Note
-------+----------+-------------------------------------------
     0 | D:1      | Johnny the Human Berserker began the quest for the Orb.
     0 | D:1      | Reached XP level 1. HP: 18/18 MP: 1/1
   128 | D:1      | Reached XP level 2. HP: 24/24 MP: 2/2
   741 | D:1      | Reached XP level 3. HP: 11/29 MP: 3/3
  1354 | D:2      | Reached ** piety under Trog
  1355 | D:2      | Reached skill level 4 in Long Blades
  1498 | D:2      | Found a faded altar of an unknown god.
  1822 | D:2      | Reached XP level 4. HP: 35/35 MP: 4/4
  2597 | D:2      | Reached XP level 5. HP: 42/42 MP: 5/5
  2895 | D:3      | Noticed Sigmund
  3059 | D:3      | Killed Sigmund
  3060 | D:3      | Reached skill level 5 in Long Blades
  3060 | D:3      | Reached XP level 6. HP: 49/49 MP: 6/6
  3187 | D:3      | Reached skill level 6 in Long Blades
  3545 | D:3      | Reached XP level 7. HP: 53/55 MP: 7/7
  3628 | D:3      | Reached skill level 5 in Fighting
  3963 | D:4      | Reached *** piety under Trog
  4100 | D:4      | Found Cifegatt's Jewellery Shop.
  4297 | D:4      | Reached skill level 7 in Long Blades
  4435 | D:5      | Entered Level 5 of the Dungeon
  4579 | D:5      | Found an ornate altar of the Wu Jian Council.
  4594 | D:5      | Reached XP level 8. HP: 63/63 MP: 8/8
  4617 | D:5      | Noticed Grinder
  4617 | D:5      | Paralysed by Grinder for 4 turns
  4632 | D:5      | Killed Grinder
  4633 | D:5      | Reached skill level 8 in Long Blades
  5272 | D:5      | Identified the +4 spear of the Unliving {vorpal, rF+}
  5347 | D:5      | Found a staircase to the Ecumenical Temple.
  5419 | D:5      | Found a bloodstained altar of Trog.
  5576 | D:6      | Found a runed translucent door.
  5748 | D:6      | Noticed Dowan
  5749 | D:6      | Noticed Duvessa
  5750 | D:6      | Noticed a two-headed ogre
  5767 | D:5      | Killed Duvessa
  5771 | D:5      | Killed Dowan
  5772 | D:5      | Reached skill level 9 in Long Blades
  6028 | D:6      | Killed a two-headed ogre
  6029 | D:6      | Reached skill level 10 in Long Blades
  6029 | D:6      | Reached XP level 9. HP: 40/72 MP: 9/9
  6787 | D:6      | Reached skill level 11 in Long Blades
  6904 | D:6      | Noticed Pikel
  6936 | D:6      | Killed Pikel
  6937 | D:6      | Reached XP level 10. HP: 82/82 MP: 10/10
  7653 | D:7      | Found a hide-covered altar of Uskayaw.
  7718 | D:7      | Reached skill level 12 in Long Blades
  7769 | D:7      | Found a snail-covered altar of Cheibriados.
  7796 | D:7      | Reached **** piety under Trog
  8347 | D:7      | Found a hazy altar of Hepliaklqana.
  9661 | D:9      | Reached skill level 13 in Long Blades
  9714 | D:9      | Noticed a kobold demonologist
  9729 | D:9      | Noticed a sun demon
  9737 | D:9      | Killed a kobold demonologist
  9738 | D:9      | Reached XP level 11. HP: 79/90 MP: 11/11
  9818 | D:9      | Found Icuruqo's Antique Armour Emporium.
  9826 | D:9      | Bought a glowing helmet for 165 gold pieces
 10170 | D:9      | Found a radiant altar of Vehumet.
 10197 | D:9      | Reached skill level 10 in Fighting
 10236 | D:9      | Found a shadowy altar of Dithmenos.
 10237 | D:9      | Paralysed by a centaur for 3 turns
 10499 | D:9      | Found a glowing silver altar of Zin.
 10531 | D:9      | Found a stormy altar of Qazlal.
 10531 | D:9      | You fall into a shaft and drop 1 floor!
 10531 | D:10     | Entered Level 10 of the Dungeon
 10532 | D:10     | Found a staircase to the Lair.
 10544 | D:10     | Found a shimmering altar of Xom.
 10682 | D:10     | Found Teehutem's Antique Armour Boutique.
 10686 | D:10     | Bought a jewelled helmet for 228 gold pieces
 10686 | D:10     | Identified the +1 helmet "Geovaci" {Harm *Slow rPois SInv}
                  | (You bought it in a shop on level 10 of the Dungeon)
 10868 | D:10     | Noticed a two-headed ogre
 10876 | D:10     | Killed a two-headed ogre
 10877 | D:10     | Reached skill level 14 in Long Blades
 10962 | D:10     | Noticed a cyclops
 11317 | D:10     | Found a glowing golden altar of the Shining One.
 11332 | D:10     | Found Xuekh's Magic Scroll Shoppe.
 11341 | D:10     | Bought a scroll of identify for 30 gold pieces
 11341 | D:10     | Bought a scroll of identify for 30 gold pieces
 11938 | D:11     | Found a runed translucent gate.
 11938 | D:11     | Found a runed translucent gate.
 11940 | D:11     | Found a runed translucent gate.
 11941 | D:11     | Noticed KristoblXynda's ghost (novice DrGl)
 11941 | D:11     | Noticed a cyclops
 11941 | D:11     | Noticed a manticore
 12019 | D:11     | Found a flagged portal.
 12029 | Bailey   | Entered a bailey
 12276 | Bailey   | Found an iron altar of Okawaru.
 12276 | Bailey   | Noticed an orc sorcerer
 12287 | Bailey   | Killed an orc sorcerer
 12292 | Bailey   | Noticed a soul eater
 12798 | Bailey   | Reached XP level 12. HP: 75/100 MP: 12/12
 12965 | Bailey   | Reached skill level 15 in Long Blades
 12967 | Bailey   | Reached ***** piety under Trog
 14455 | D:12     | Noticed a seven-headed hydra
 14502 | D:12     | Acquired a manual of Armour
 14751 | D:12     | HP: 6/150 [17-headed hydra (2)]
 14751 | D:12     | Slain by a 17-headed hydra

Illustrated notes

Levels and vault maps discovered:
D:1:      minmay_arrival_shoal_huts, layout_rooms, kennysheep_doodads,
          kennysheep_small_spiral, minmay_crystal_room,
          wander_ebering_terrifying_dragon_lair
D:2:      layout_basic, hellmonk_ecumenical_altar_pennies_from_heaven,
          minmay_crystal_water
D:3:      layout_basic, goddamned_bats, uniq_sigmund
D:4:      layout_basic, serial_shops, kennysheep_little_box, serial_curves,
          eino_curves_02, eino_curves_02
D:5:      layout_loops_cross, trog_butcher_becter,
          mainiacjoe_overflow_small_starburst, lemuel_temple_firewalk_a,
          uniq_grinder
D:6:      layout_basic, lightli_church_of_beogh, uniq_duvessa, uniq_pikel
D:7:      layout_cave_pools, general_overflow_altar, kennysheep_mini_moat,
          nicolae_uskayaw_murder_on_the_dancefloor
D:8:      layout_basic
D:9:      layout_layer_cave, zin_statuary, mainiacjoe_overflow_chevrons,
          amcnicky_altar_gilded, lemuel_crystal_altar,
          lemuel_mausoleum_altar_yredelemnul, fedhas_altar_fruit_tree,
          serial_shops, shop, dk_noncrumbling_4
D:10:     layout_roguey, xom_teletrap_fun, mainiacjoe_overflow_alcove_2,
          dpeg_oklobed_lair, serial_shops, shop, nicolae_stop_n_shop_2,
          minivault_14, onia_ninara_dug_in_and_dangerous
D:11:     layout_loops_cross, gammafunk_ghost_split, enter_bailey_2,
          lemuel_nasty_fountain
D:12:     layout_grid_maze, david_orc_3, kennysheep_kite_vault

Skill      XL: |  1  2  3  4  5  6  7  8  9 10 11 12 |
---------------+-------------------------------------+-----
Long Blades    | 4 5 6 7 10 11 13 14 15 | 15.3
Fighting       | 4 5 7 8 9 11 | 11.3
Armour         | 3 |  3.0
Dodging        | |  2.4

Action                   |  1- 3 |  4- 6 |  7- 9 | 10-12 || total
-------------------------+-------+-------+-------+-------++-------
Melee: Falchion          |   115 |   144 |   347 |   554 ||  1160
       Scimitar          |       |       |       |   170 ||   170
Invok: Berserk           |     5 |     5 |    11 |    13 ||    34
       Trog's Hand       |       |     4 |     4 |     9 ||    17
       Brothers in Arms  |       |       |       |     2 ||     2
Evoke: Wand              |       |       |       |     9 ||     9
  Use: Potion            |       |       |       |     1 ||     1
       Scroll            |       |       |       |    13 ||    13
 Stab: Sleeping          |     1 |       |       |       ||     1
Armor: Animal skin       |    26 |       |       |       ||    26
       Ring mail         |     3 |    60 |    91 |   108 ||   262
       Scale mail        |       |       |       |    48 ||    48
Dodge: Dodged            |    84 |   114 |   281 |   470 ||   949

Table legend: (Time is in decaauts)
 A = Elapsed time spent in this place.
 B = Non-inter-level travel time spent in this place.
 C = Inter-level travel time spent in this place.
 D = Time resting spent in this place.
 E = Time spent auto-exploring this place.
 F = Levels seen in this place.
 G = Mean time per level.
                   A        B        C        D        E       F      G
               +--------+--------+--------+--------+--------+-----+--------+
         Total |  14818 |  14459 |    359 |   2370 |   9783 |  13 | 1139.8 |
       Dungeon |  13506 |  13147 |    359 |   2270 |   8803 |  12 | 1125.5 |
        Bailey |   1311 |   1311 |      0 |    100 |    980 |   1 | 1311.0 |
               +--------+--------+--------+--------+--------+-----+--------+

Top non-repeatable levels by time:
     D:6: 1973 daAuts
     D:2: 1552 daAuts
    D:11: 1545 daAuts
     D:1: 1373 daAuts
  Bailey: 1311 daAuts
     D:5: 1298 daAuts
     D:8: 1128 daAuts
     D:3: 916 daAuts
     D:9: 910 daAuts
    D:10: 894 daAuts
     D:7: 821 daAuts
     D:4: 715 daAuts
    D:12: 377 daAuts
